Connexion

Phantoms vs Sound Tigers

Created - 6 août 2023 at 09:18

Goals
1 2 3 T
Phantoms 0 1 0 1
Sound Tigers 1 0 2 3
Shots
1 2 3 T
Phantoms 10 11 12 33
Sound Tigers 22 6 10 38

GoalsPenalties
1st period
1. Sound Tigers , Joel Armia 1 (Christian Wolanin 2, Eric Staal 1) at 14:33
Tyler Pitlick (BRP) for Tripping (Minor) at 8:46
Jimmy Schuldt (BRP) for Tripping (Minor) at 12:34
Tyler Sikura (ADI) for Slashing (Minor) at 12:55
Taylor Raddysh (ADI) for Interference (Minor) at 15:41
Brett Ritchie (BRP) for Hooking (Minor) at 18:47
2nd period
2. Phantoms , Kerby Rychel 1 (Jake Mccabe 7, Michael McCarron 1) at 14:20
Tyler Pitlick (BRP) for Interference (Minor) at 1:19
Tyler Pitlick (BRP) for High sticking (Minor) at 17:41
3rd period
3. Sound Tigers , Ryan MacInnis 1 (Zach Bogosian 3, Trevor Van Riemsdyk 2) at 9:28
4. Sound Tigers , Jesper Fasth 2 (Joel Armia 3, Eric Staal 2) at 14:49
Manuel Wiederer (ADI) for Hooking (Minor) at 10:09
Brett Ritchie (BRP) for Hooking (Minor) at 15:10
Markus Phillips (BRP) for Hooking (Minor) at 19:25
Goalie Stats
Kevin Poulin (ADI), 35 saves from 38 shots - (0,921), L, 2-3-0, 60:00 minutes
Brandon Bussi (BRP), 32 saves from 33 shots - (0,970), W, 1-0-0, 60:00 minutes
3 StarsOfficial
1 - Joel Armia (BRP)
2 - Brandon Bussi (BRP)
3 - Trevor Van Riemsdyk (BRP)
Referees : Justin StPierre and Dennis LaRue
Linesman : Jonny Murray and Steve Barton
Game Note
No Game Note
Finance
Level 1 -- Attendance: 883 (44,15%) -- Ticket Income 57 395 $
Level 2 -- Attendance: 324 (32,40%) -- Ticket Income 16 200 $
Total Attendance: 1207 (40,23%)
Total Ticket Income: 73 595 $
Other Income: 14 719 $
Total Income: 88 314 $



Team Name Goals Shots Shots Attemp Shots Blocked PIM HIT PP PK FO%
Phantoms 13367116320 / 7 (0%)052%
Sound Tigers 33870814280 / 3 (0%)048%

Phantoms
Player Name POS G A P +/- PIM HIT SHT SB MP PP MP PP SHT PK MP PK SHT FO% FOT
Adam MascherinC/LW0000002014:150:0700:0000% 1
Ben HarpurD000-2054220:274:1432:1200% 0
Brady KeeperD000-2002120:274:1422:1200% 0
Jake MccabeD0110011125:566:2902:0700% 0
Jarred TinordiD0000030113:370:0700:0000% 0
Joshua JacobsD0000011525:466:2911:5700% 0
Julien GauthierRW000-1044025:004:5802:32055% 11
Kerby RychelLW101-1003017:364:5500:00050% 2
Logan HutskoRW000000004:330:0000:0000% 0
Lucas WallmarkC0000021015:080:0000:56071% 17
Luke HenmanC000000001:380:3800:0000% 1
Manuel WiedererC/RW000020004:320:0000:00057% 7
Michael McCarronC/RW011-10110017:555:1400:0000% 1
Patrick SieloffD0000000113:470:0700:1000% 0
Seth GriffithC/LW/RW0000004019:005:2921:1210% 2
Taylor RaddyshRW000-1224014:430:2600:00050% 2
Tyler SikuraC/LW0000223020:055:2802:46055% 22
Victor RaskC000-1014019:355:1401:12045% 29
Sound Tigers
Player Name POS G A P +/- PIM HIT SHT SB MP PP MP PP SHT PK MP PK SHT FO% FOT
Alexander KhokhlachevC/LW/RW000000306:261:5720:00025% 4
Ashton SautnerD0000001223:501:3816:1800% 0
Brett RitchieRW0001423113:330:0004:230100% 2
Christian WolaninD0110010123:242:3204:3200% 0
Eric StaalC/LW0221006020:452:2202:04052% 27
Jesper FasthLW/RW1010032017:252:2200:000100% 1
Jimmy SchuldtD000-1211116:500:0000:0000% 0
Jimmy VeseyLW/RW0000022016:570:0002:2800% 0
Joel ArmiaRW1121094018:412:2200:0000% 0
Lukas SedlakC/LW0001002011:290:0001:5500% 0
Markus PhillipsD0000210113:470:2300:1400% 0
Nikita SoshnikovLW/RW000000206:261:5700:00050% 2
Rourke ChartierC000000107:340:0003:05020% 10
Ryan MacInnisC1011004117:190:0007:45048% 27
Trevor Van RiemsdykD0113022119:192:4114:3200% 0
Tyler PitlickC/RW0000630014:260:0000:00055% 22
Valentin ZykovLW/RW0000004016:261:5700:0000% 0
Zach BogosianD0112041022:481:2416:0400% 0



Play-by-Play

1st period


0:01 of 1st period - Eric Staal wins face-off versus Tyler Sikura in neutral zone.
0:04 of 1st period - Tyler Sikura is hit by Joel Armia and loses puck.
0:15 of 1st period - Shot by Joel Armia.
0:15 of 1st period - Stopped by Kevin Poulin without a rebound.
0:16 of 1st period - Tyler Pitlick wins face-off versus Victor Rask in Phantoms zone.
0:21 of 1st period - Shot by Valentin Zykov.
0:21 of 1st period - Stopped by Kevin Poulin without a rebound.
0:22 of 1st period - Lucas Wallmark wins face-off versus Ryan MacInnis in Phantoms zone.
0:32 of 1st period - Icing by Markus Phillips.
0:33 of 1st period - Victor Rask wins face-off versus Ryan MacInnis in Sound Tigers zone.
1:07 of 1st period - Shot by Lukas Sedlak.
1:07 of 1st period - Stopped by Kevin Poulin without a rebound.
1:08 of 1st period - Tyler Pitlick wins face-off versus Tyler Sikura in Phantoms zone.
1:11 of 1st period - Shot by Jimmy Vesey.
1:11 of 1st period - Stopped by Kevin Poulin without a rebound.
1:12 of 1st period - Tyler Sikura wins face-off versus Eric Staal in Phantoms zone.
1:12 of 1st period - Tyler Sikura is hit by Joel Armia.
1:20 of 1st period - Shot by Joel Armia.
1:20 of 1st period - Stopped by Kevin Poulin without a rebound.
1:21 of 1st period - Manuel Wiederer wins face-off versus Tyler Pitlick in Phantoms zone.
1:21 of 1st period - Manuel Wiederer is hit by Tyler Pitlick.
1:36 of 1st period - Logan Hutsko is hit by Trevor Van Riemsdyk.
1:50 of 1st period - Shot by Logan Hutsko.
1:50 of 1st period - Shot Blocked by Trevor Van Riemsdyk.
2:11 of 1st period - Icing by Jake Mccabe.
2:12 of 1st period - Eric Staal wins face-off versus Manuel Wiederer in Phantoms zone.
2:27 of 1st period - Shot by Eric Staal.
2:27 of 1st period - Shot Blocked by Joshua Jacobs.
2:29 of 1st period - Shot by Eric Staal.
2:29 of 1st period - Stopped by Kevin Poulin without a rebound.
2:30 of 1st period - Lucas Wallmark wins face-off versus Rourke Chartier in Phantoms zone.
2:49 of 1st period - Icing by Patrick Sieloff.
2:50 of 1st period - Eric Staal wins face-off versus Lucas Wallmark in Phantoms zone.
3:02 of 1st period - Adam Mascherin is hit by Joel Armia and loses puck.
3:06 of 1st period - Patrick Sieloff is hit by Joel Armia and loses puck.
3:11 of 1st period - Joel Armia is hit by Taylor Raddysh and loses puck.
5:13 of 1st period - Off-side.
5:14 of 1st period - Lucas Wallmark wins face-off versus Ryan MacInnis in neutral zone.
5:25 of 1st period - Shot by Taylor Raddysh.
5:25 of 1st period - Shot Misses the Net.
5:28 of 1st period - Icing by Trevor Van Riemsdyk.
5:29 of 1st period - Ryan MacInnis wins face-off versus Victor Rask in Sound Tigers zone.
5:29 of 1st period - Ryan MacInnis is hit by Michael McCarron.
5:58 of 1st period - Kerby Rychel is hit by Zach Bogosian and loses puck.
6:03 of 1st period - Shot by Victor Rask.
6:03 of 1st period - Stopped by Brandon Bussi without a rebound.
6:04 of 1st period - Lucas Wallmark wins face-off versus Rourke Chartier in Sound Tigers zone.
6:13 of 1st period - Shot by Lucas Wallmark.
6:13 of 1st period - Stopped by Brandon Bussi without a rebound.
6:14 of 1st period - Lucas Wallmark wins face-off versus Tyler Pitlick in Sound Tigers zone.
6:29 of 1st period - Shot by Adam Mascherin.
6:29 of 1st period - Stopped by Brandon Bussi with a rebound.
6:31 of 1st period - Shot by Lucas Wallmark.
6:31 of 1st period - Shot Misses the Net.
6:35 of 1st period - Shot by Taylor Raddysh.
6:35 of 1st period - Stopped by Brandon Bussi without a rebound.
6:36 of 1st period - Eric Staal wins face-off versus Tyler Sikura in Sound Tigers zone.
7:03 of 1st period - Shot by Eric Staal.
7:03 of 1st period - Shot Blocked by Ben Harpur.
7:05 of 1st period - Shot by Jimmy Schuldt.
7:05 of 1st period - Stopped by Kevin Poulin without a rebound.
7:06 of 1st period - Victor Rask wins face-off versus Rourke Chartier in Phantoms zone.
7:16 of 1st period - Ashton Sautner is hit by Michael McCarron and loses puck.
7:25 of 1st period - Shot by Kerby Rychel.
7:25 of 1st period - Stopped by Brandon Bussi without a rebound.
7:26 of 1st period - Lucas Wallmark wins face-off versus Tyler Pitlick in Sound Tigers zone.
7:26 of 1st period - Lucas Wallmark is hit by Zach Bogosian.
7:32 of 1st period - Shot by Taylor Raddysh.
7:32 of 1st period - Stopped by Brandon Bussi without a rebound.
7:33 of 1st period - Tyler Sikura wins face-off versus Eric Staal in Sound Tigers zone.
8:25 of 1st period - Shot by Jimmy Vesey.
8:25 of 1st period - Shot Blocked by Jake Mccabe.
8:46 of 1st period - Minor Penalty to Tyler Pitlick for Tripping.
8:47 of 1st period - Victor Rask wins face-off versus Ryan MacInnis in Sound Tigers zone.
8:47 of 1st period - Victor Rask is hit by Zach Bogosian.
9:19 of 1st period - Shot by Kerby Rychel.
9:19 of 1st period - Shot Misses the Net.
9:25 of 1st period - Shot by Michael McCarron.
9:25 of 1st period - Shot Blocked by Ryan MacInnis.
9:51 of 1st period - Shot by Joshua Jacobs.
9:51 of 1st period - Shot Misses the Net.
9:53 of 1st period - Shot by Joshua Jacobs.
9:53 of 1st period - Stopped by Brandon Bussi with a rebound.
9:55 of 1st period - Shot by Seth Griffith.
9:55 of 1st period - Shot Misses the Net.
10:38 of 1st period - Shot by Ben Harpur.
10:38 of 1st period - Stopped by Brandon Bussi without a rebound.
10:39 of 1st period - Taylor Raddysh wins face-off versus Ryan MacInnis in Sound Tigers zone.
10:40 of 1st period - Shot by Patrick Sieloff.
10:40 of 1st period - Shot Blocked by Ashton Sautner.
10:52 of 1st period - Joel Armia is hit by Julien Gauthier and loses puck.
10:57 of 1st period - Shot by Julien Gauthier.
10:57 of 1st period - Stopped by Brandon Bussi without a rebound.
10:58 of 1st period - Rourke Chartier wins face-off versus Lucas Wallmark in Sound Tigers zone.
11:05 of 1st period - Shot by Nikita Soshnikov.
11:05 of 1st period - Stopped by Kevin Poulin without a rebound.
11:06 of 1st period - Lucas Wallmark wins face-off versus Eric Staal in Phantoms zone.
11:21 of 1st period - Shot by Joel Armia.
11:21 of 1st period - Shot Blocked by Patrick Sieloff.
11:26 of 1st period - Eric Staal is hit by Jarred Tinordi and loses puck.
11:41 of 1st period - Shot by Jesper Fasth.
11:41 of 1st period - Stopped by Kevin Poulin without a rebound.
11:42 of 1st period - Victor Rask wins face-off versus Tyler Pitlick in Phantoms zone.
11:42 of 1st period - Victor Rask is hit by Tyler Pitlick.
11:52 of 1st period - Shot by Victor Rask.
11:52 of 1st period - Stopped by Brandon Bussi without a rebound.
11:53 of 1st period - Tyler Sikura wins face-off versus Ryan MacInnis in Sound Tigers zone.
12:09 of 1st period - Tyler Sikura is hit by Brett Ritchie and loses puck.
12:16 of 1st period - Shot by Ryan MacInnis.
12:16 of 1st period - Stopped by Kevin Poulin without a rebound.
12:17 of 1st period - Victor Rask wins face-off versus Tyler Pitlick in Phantoms zone.
12:17 of 1st period - Michael McCarron is hit by Jimmy Vesey.
12:20 of 1st period - Brady Keeper is hit by Jimmy Schuldt and loses puck.
12:34 of 1st period - Minor Penalty to Jimmy Schuldt for Tripping.
12:35 of 1st period - Brett Ritchie wins face-off versus Tyler Sikura in Sound Tigers zone.
12:35 of 1st period - Brett Ritchie is hit by Tyler Sikura.
12:55 of 1st period - Minor Penalty to Tyler Sikura for Slashing.
12:56 of 1st period - Eric Staal wins face-off versus Luke Henman in Phantoms zone.
13:01 of 1st period - Shot by Eric Staal.
13:01 of 1st period - Shot Misses the Net.
13:21 of 1st period - Shot by Joel Armia.
13:21 of 1st period - Stopped by Kevin Poulin without a rebound.
13:22 of 1st period - Julien Gauthier wins face-off versus Eric Staal in Phantoms zone.
14:19 of 1st period - Shot by Ryan MacInnis.
14:19 of 1st period - Shot Misses the Net.
14:21 of 1st period - Shot by Ryan MacInnis.
14:21 of 1st period - Stopped by Kevin Poulin with a rebound.
14:23 of 1st period - Shot by Trevor Van Riemsdyk.
14:23 of 1st period - Stopped by Kevin Poulin without a rebound.
14:24 of 1st period - Ryan MacInnis wins face-off versus Taylor Raddysh in Phantoms zone.
14:27 of 1st period - Shot by Ryan MacInnis.
14:27 of 1st period - Stopped by Kevin Poulin without a rebound.
14:28 of 1st period - Eric Staal wins face-off versus Julien Gauthier in Phantoms zone.
14:33 of 1st period - Shot by Joel Armia.
14:33 of 1st period - Goal by Joel Armia - Phantoms : 0 - Sound Tigers : 1.
14:34 of 1st period - Julien Gauthier wins face-off versus Alexander Khokhlachev in neutral zone.
14:44 of 1st period - Off-side.
14:45 of 1st period - Julien Gauthier wins face-off versus Alexander Khokhlachev in neutral zone.
15:08 of 1st period - Shot by Brett Ritchie.
15:08 of 1st period - Shot Misses the Net.
15:10 of 1st period - Shot by Brett Ritchie.
15:10 of 1st period - Shot Misses the Net.
15:12 of 1st period - Shot by Brett Ritchie.
15:12 of 1st period - Shot Blocked by Joshua Jacobs.
15:20 of 1st period - Shot by Brett Ritchie.
15:20 of 1st period - Stopped by Kevin Poulin without a rebound.
15:21 of 1st period - Eric Staal wins face-off versus Adam Mascherin in Phantoms zone.
15:22 of 1st period - Shot by Christian Wolanin.
15:22 of 1st period - Shot Misses the Net.
15:24 of 1st period - Shot by Eric Staal.
15:24 of 1st period - Stopped by Kevin Poulin without a rebound.
15:25 of 1st period - Lucas Wallmark wins face-off versus Eric Staal in Phantoms zone.
15:32 of 1st period - Shot by Taylor Raddysh.
15:32 of 1st period - Shot Misses the Net.
15:41 of 1st period - Minor Penalty to Taylor Raddysh for Interference.
15:42 of 1st period - Julien Gauthier wins face-off versus Alexander Khokhlachev in Phantoms zone.
15:51 of 1st period - Shot by Ashton Sautner.
15:51 of 1st period - Shot Misses the Net.
15:53 of 1st period - Shot by Zach Bogosian.
15:53 of 1st period - Stopped by Kevin Poulin with a rebound.
15:55 of 1st period - Shot by Ashton Sautner.
15:55 of 1st period - Shot Misses the Net.
15:57 of 1st period - Shot by Ashton Sautner.
15:57 of 1st period - Stopped by Kevin Poulin with a rebound.
15:59 of 1st period - Shot by Alexander Khokhlachev.
15:59 of 1st period - Stopped by Kevin Poulin without a rebound.
16:00 of 1st period - Julien Gauthier wins face-off versus Eric Staal in Phantoms zone.
16:09 of 1st period - Shot by Trevor Van Riemsdyk.
16:09 of 1st period - Shot Misses the Net.
16:11 of 1st period - Shot by Trevor Van Riemsdyk.
16:11 of 1st period - Stopped by Kevin Poulin without a rebound.
16:12 of 1st period - Alexander Khokhlachev wins face-off versus Julien Gauthier in Phantoms zone.
16:33 of 1st period - Shot by Alexander Khokhlachev.
16:33 of 1st period - Stopped by Kevin Poulin without a rebound.
16:34 of 1st period - Eric Staal wins face-off versus Julien Gauthier in Phantoms zone.
16:45 of 1st period - Shot by Trevor Van Riemsdyk.
16:45 of 1st period - Shot Misses the Net.
16:57 of 1st period - Jesper Fasth is hit by Victor Rask and loses puck.
17:39 of 1st period - Julien Gauthier is hit by Trevor Van Riemsdyk and loses puck.
17:46 of 1st period - Ashton Sautner is hit by Taylor Raddysh and loses puck.
18:13 of 1st period - Tyler Pitlick is hit by Lucas Wallmark and loses puck.
18:47 of 1st period - Minor Penalty to Brett Ritchie for Hooking.
18:48 of 1st period - Ryan MacInnis wins face-off versus Victor Rask in Sound Tigers zone.
18:58 of 1st period - Icing by Victor Rask.
18:59 of 1st period - Ryan MacInnis wins face-off versus Victor Rask in Phantoms zone.
19:16 of 1st period - Lukas Sedlak is hit by Michael McCarron and loses puck.
Goals for this period are 0 for Phantoms vs 1 for Sound Tigers.
Shots for this period are 10 for Phantoms vs 22 for Sound Tigers.

2nd period


0:01 of 2nd period - Tyler Sikura wins face-off versus Ryan MacInnis in neutral zone.
0:13 of 2nd period - Seth Griffith is hit by Zach Bogosian and loses puck.
0:37 of 2nd period - Shot by Seth Griffith.
0:37 of 2nd period - Stopped by Brandon Bussi without a rebound.
0:38 of 2nd period - Victor Rask wins face-off versus Rourke Chartier in Sound Tigers zone.
0:51 of 2nd period - Shot by Taylor Raddysh.
0:51 of 2nd period - Stopped by Brandon Bussi with a rebound.
0:54 of 2nd period - Lucas Wallmark is hit by Christian Wolanin and loses puck.
1:01 of 2nd period - Shot by Adam Mascherin.
1:01 of 2nd period - Shot Misses the Net.
1:03 of 2nd period - Shot by Adam Mascherin.
1:03 of 2nd period - Stopped by Brandon Bussi without a rebound.
1:04 of 2nd period - Tyler Pitlick wins face-off versus Victor Rask in Sound Tigers zone.
1:04 of 2nd period - Tyler Pitlick is hit by Michael McCarron.
1:19 of 2nd period - Minor Penalty to Tyler Pitlick for Interference.
1:20 of 2nd period - Tyler Sikura wins face-off versus Ryan MacInnis in Sound Tigers zone.
2:01 of 2nd period - Trevor Van Riemsdyk is hit by Julien Gauthier.
2:10 of 2nd period - Icing by Julien Gauthier.
2:11 of 2nd period - Tyler Sikura wins face-off versus Rourke Chartier in Phantoms zone.
3:25 of 2nd period - Christian Wolanin is hit by Jarred Tinordi and loses puck.
5:08 of 2nd period - Shot by Victor Rask.
5:08 of 2nd period - Shot Misses the Net.
6:04 of 2nd period - Ryan MacInnis is hit by Lucas Wallmark and loses puck.
6:12 of 2nd period - Trevor Van Riemsdyk is hit by Jarred Tinordi and loses puck.
6:17 of 2nd period - Shot by Lukas Sedlak.
6:17 of 2nd period - Stopped by Kevin Poulin without a rebound.
6:18 of 2nd period - Tyler Sikura wins face-off versus Rourke Chartier in Phantoms zone.
6:31 of 2nd period - Shot by Alexander Khokhlachev.
6:31 of 2nd period - Stopped by Kevin Poulin without a rebound.
6:32 of 2nd period - Kerby Rychel wins face-off versus Eric Staal in Phantoms zone.
6:32 of 2nd period - Jake Mccabe is hit by Joel Armia and loses puck.
6:57 of 2nd period - Victor Rask is hit by Joel Armia.
7:06 of 2nd period - Shot by Joel Armia.
7:06 of 2nd period - Shot Misses the Net.
8:30 of 2nd period - Shot by Valentin Zykov.
8:30 of 2nd period - Shot Blocked by Brady Keeper.
8:32 of 2nd period - Shot by Tyler Pitlick.
8:32 of 2nd period - Shot Misses the Net.
8:34 of 2nd period - Shot by Tyler Pitlick.
8:34 of 2nd period - Deflect By Valentin Zykov.
8:34 of 2nd period - Shot Misses the Net.
8:49 of 2nd period - Icing by Julien Gauthier.
8:50 of 2nd period - Eric Staal wins face-off versus Tyler Sikura in Phantoms zone.
9:26 of 2nd period - Icing by Ashton Sautner.
9:27 of 2nd period - Eric Staal wins face-off versus Victor Rask in Sound Tigers zone.
9:34 of 2nd period - Kerby Rychel is hit by Joel Armia and loses puck.
9:51 of 2nd period - Shot by Victor Rask.
9:51 of 2nd period - Stopped by Brandon Bussi without a rebound.
9:52 of 2nd period - Tyler Pitlick wins face-off versus Lucas Wallmark in Sound Tigers zone.
10:04 of 2nd period - Shot by Tyler Pitlick.
10:04 of 2nd period - Shot Misses the Net.
10:26 of 2nd period - Icing by Lucas Wallmark.
10:27 of 2nd period - Ryan MacInnis wins face-off versus Lucas Wallmark in Phantoms zone.
12:08 of 2nd period - Shot by Seth Griffith.
12:08 of 2nd period - Shot Misses the Net.
12:10 of 2nd period - Shot by Ben Harpur.
12:10 of 2nd period - Deflect By Julien Gauthier.
12:10 of 2nd period - Stopped by Brandon Bussi without a rebound.
12:11 of 2nd period - Manuel Wiederer wins face-off versus Tyler Pitlick in Sound Tigers zone.
13:26 of 2nd period - Icing by Brady Keeper.
13:27 of 2nd period - Ryan MacInnis wins face-off versus Manuel Wiederer in Phantoms zone.
13:35 of 2nd period - Icing by Brady Keeper.
13:36 of 2nd period - Manuel Wiederer wins face-off versus Eric Staal in Phantoms zone.
14:18 of 2nd period - Shot by Kerby Rychel.
14:18 of 2nd period - Shot Misses the Net.
14:20 of 2nd period - Shot by Kerby Rychel.
14:20 of 2nd period - Goal by Kerby Rychel - Phantoms : 1 - Sound Tigers : 1.
14:21 of 2nd period - Ryan MacInnis wins face-off versus Lucas Wallmark in neutral zone.
14:52 of 2nd period - Shot by Lukas Sedlak.
14:52 of 2nd period - Shot Blocked by Jarred Tinordi.
14:54 of 2nd period - Shot by Brett Ritchie.
14:54 of 2nd period - Stopped by Kevin Poulin without a rebound.
14:55 of 2nd period - Victor Rask wins face-off versus Tyler Pitlick in Phantoms zone.
14:55 of 2nd period - Victor Rask is hit by Tyler Pitlick.
15:11 of 2nd period - Shot by Tyler Pitlick.
15:11 of 2nd period - Deflect By Valentin Zykov.
15:11 of 2nd period - Stopped by Kevin Poulin without a rebound.
15:12 of 2nd period - Tyler Sikura wins face-off versus Eric Staal in Phantoms zone.
15:30 of 2nd period - Shot by Julien Gauthier.
15:30 of 2nd period - Stopped by Brandon Bussi without a rebound.
15:31 of 2nd period - Lucas Wallmark wins face-off versus Tyler Pitlick in Sound Tigers zone.
16:37 of 2nd period - Shot by Joel Armia.
16:37 of 2nd period - Shot Misses the Net.
16:39 of 2nd period - Shot by Eric Staal.
16:39 of 2nd period - Stopped by Kevin Poulin without a rebound.
16:40 of 2nd period - Tyler Sikura wins face-off versus Ryan MacInnis in Phantoms zone.
16:53 of 2nd period - Ashton Sautner is hit by Tyler Sikura and loses puck.
17:01 of 2nd period - Icing by Brett Ritchie.
17:02 of 2nd period - Victor Rask wins face-off versus Ryan MacInnis in Sound Tigers zone.
17:02 of 2nd period - Victor Rask is hit by Markus Phillips.
17:07 of 2nd period - Icing by Markus Phillips.
17:08 of 2nd period - Ryan MacInnis wins face-off versus Victor Rask in Sound Tigers zone.
17:12 of 2nd period - Off-side.
17:13 of 2nd period - Tyler Sikura wins face-off versus Eric Staal in neutral zone.
17:20 of 2nd period - Joshua Jacobs is hit by Joel Armia and loses puck.
17:29 of 2nd period - Shot by Julien Gauthier.
17:29 of 2nd period - Shot Misses the Net.
17:35 of 2nd period - Shot by Julien Gauthier.
17:35 of 2nd period - Stopped by Brandon Bussi without a rebound.
17:36 of 2nd period - Tyler Pitlick wins face-off versus Victor Rask in Sound Tigers zone.
17:36 of 2nd period - Tyler Pitlick is hit by Michael McCarron.
17:41 of 2nd period - Minor Penalty to Tyler Pitlick for High sticking.
17:42 of 2nd period - Brett Ritchie wins face-off versus Victor Rask in Sound Tigers zone.
18:02 of 2nd period - Icing by Jake Mccabe.
18:03 of 2nd period - Ryan MacInnis wins face-off versus Victor Rask in Phantoms zone.
18:06 of 2nd period - Shot by Brett Ritchie.
18:06 of 2nd period - Shot Blocked by Joshua Jacobs.
18:14 of 2nd period - Ryan MacInnis is hit by Michael McCarron and loses puck.
18:51 of 2nd period - Shot by Julien Gauthier.
18:51 of 2nd period - Shot Blocked by Christian Wolanin.
18:57 of 2nd period - Shot by Seth Griffith.
18:57 of 2nd period - Stopped by Brandon Bussi with a rebound.
18:59 of 2nd period - Shot by Julien Gauthier.
18:59 of 2nd period - Shot Misses the Net.
19:01 of 2nd period - Shot by Ben Harpur.
19:01 of 2nd period - Stopped by Brandon Bussi without a rebound.
19:02 of 2nd period - Rourke Chartier wins face-off versus Tyler Sikura in Sound Tigers zone.
19:07 of 2nd period - Shot by Ben Harpur.
19:07 of 2nd period - Stopped by Brandon Bussi without a rebound.
19:08 of 2nd period - Tyler Sikura wins face-off versus Ryan MacInnis in Sound Tigers zone.
19:26 of 2nd period - Trevor Van Riemsdyk is hit by Julien Gauthier and loses puck.
19:53 of 2nd period - Shot by Eric Staal.
19:53 of 2nd period - Stopped by Kevin Poulin without a rebound.
19:54 of 2nd period - Victor Rask wins face-off versus Rourke Chartier in Phantoms zone.
Goals for this period are 1 for Phantoms vs 0 for Sound Tigers.
Shots for this period are 11 for Phantoms vs 6 for Sound Tigers.

3rd period


0:01 of 3rd period - Jesper Fasth wins face-off versus Tyler Sikura in neutral zone.
0:04 of 3rd period - Julien Gauthier is hit by Joel Armia and loses puck.
0:33 of 3rd period - Shot by Tyler Sikura.
0:33 of 3rd period - Stopped by Brandon Bussi with a rebound.
0:35 of 3rd period - Shot by Jake Mccabe.
0:35 of 3rd period - Stopped by Brandon Bussi without a rebound.
0:36 of 3rd period - Tyler Pitlick wins face-off versus Victor Rask in Sound Tigers zone.
0:36 of 3rd period - Tyler Pitlick is hit by Michael McCarron.
0:39 of 3rd period - Icing by Jimmy Vesey.
0:40 of 3rd period - Tyler Pitlick wins face-off versus Victor Rask in Sound Tigers zone.
0:58 of 3rd period - Tyler Pitlick is hit by Ben Harpur and loses puck.
1:15 of 3rd period - Jimmy Vesey is hit by Ben Harpur and loses puck.
1:31 of 3rd period - Kerby Rychel is hit by Jesper Fasth and loses puck.
1:40 of 3rd period - Shot by Eric Staal.
1:40 of 3rd period - Stopped by Kevin Poulin without a rebound.
1:41 of 3rd period - Ryan MacInnis wins face-off versus Tyler Sikura in Phantoms zone.
2:44 of 3rd period - Shot by Taylor Raddysh.
2:44 of 3rd period - Stopped by Brandon Bussi with a rebound.
2:46 of 3rd period - Shot by Taylor Raddysh.
2:46 of 3rd period - Shot Blocked by Brett Ritchie.
2:48 of 3rd period - Shot by Patrick Sieloff.
2:48 of 3rd period - Shot Misses the Net.
2:52 of 3rd period - Shot by Taylor Raddysh.
2:52 of 3rd period - Shot Misses the Net.
2:56 of 3rd period - Shot by Lucas Wallmark.
2:56 of 3rd period - Shot Misses the Net.
3:07 of 3rd period - Off-side.
3:08 of 3rd period - Manuel Wiederer wins face-off versus Eric Staal in neutral zone.
3:27 of 3rd period - Icing by Jimmy Schuldt.
3:28 of 3rd period - Victor Rask wins face-off versus Eric Staal in Sound Tigers zone.
3:33 of 3rd period - Shot by Kerby Rychel.
3:33 of 3rd period - Stopped by Brandon Bussi without a rebound.
3:34 of 3rd period - Tyler Pitlick wins face-off versus Michael McCarron in Sound Tigers zone.
3:41 of 3rd period - Shot by Valentin Zykov.
3:41 of 3rd period - Shot Blocked by Joshua Jacobs.
4:07 of 3rd period - Shot by Trevor Van Riemsdyk.
4:07 of 3rd period - Shot Blocked by Joshua Jacobs.
4:11 of 3rd period - Shot by Jimmy Vesey.
4:11 of 3rd period - Stopped by Kevin Poulin without a rebound.
4:12 of 3rd period - Eric Staal wins face-off versus Tyler Sikura in Phantoms zone.
4:43 of 3rd period - Shot by Eric Staal.
4:43 of 3rd period - Stopped by Kevin Poulin without a rebound.
4:44 of 3rd period - Lucas Wallmark wins face-off versus Rourke Chartier in Phantoms zone.
4:59 of 3rd period - Shot by Rourke Chartier.
4:59 of 3rd period - Stopped by Kevin Poulin without a rebound.
5:00 of 3rd period - Victor Rask wins face-off versus Tyler Pitlick in Phantoms zone.
5:08 of 3rd period - Icing by Ashton Sautner.
5:09 of 3rd period - Tyler Pitlick wins face-off versus Seth Griffith in Sound Tigers zone.
6:23 of 3rd period - Shot by Victor Rask.
6:23 of 3rd period - Shot Misses the Net.
6:35 of 3rd period - Shot by Victor Rask.
6:35 of 3rd period - Stopped by Brandon Bussi with a rebound.
6:49 of 3rd period - Michael McCarron is hit by Jimmy Vesey and loses puck.
7:04 of 3rd period - Christian Wolanin is hit by Michael McCarron and loses puck.
7:57 of 3rd period - Lucas Wallmark is hit by Jesper Fasth and loses puck.
8:57 of 3rd period - Shot by Rourke Chartier.
8:57 of 3rd period - Shot Misses the Net.
9:01 of 3rd period - Shot by Rourke Chartier.
9:01 of 3rd period - Shot Misses the Net.
9:03 of 3rd period - Shot by Nikita Soshnikov.
9:03 of 3rd period - Stopped by Kevin Poulin without a rebound.
9:04 of 3rd period - Victor Rask wins face-off versus Ryan MacInnis in Phantoms zone.
9:06 of 3rd period - Icing by Michael McCarron.
9:07 of 3rd period - Ryan MacInnis wins face-off versus Victor Rask in Phantoms zone.
9:14 of 3rd period - Shot by Brett Ritchie.
9:14 of 3rd period - Shot Misses the Net.
9:16 of 3rd period - Shot by Brett Ritchie.
9:16 of 3rd period - Shot Blocked by Ben Harpur.
9:18 of 3rd period - Shot by Trevor Van Riemsdyk.
9:18 of 3rd period - Deflect By Ryan MacInnis.
9:18 of 3rd period - Shot Misses the Net.
9:22 of 3rd period - Shot by Brett Ritchie.
9:22 of 3rd period - Stopped by Kevin Poulin with a rebound.
9:28 of 3rd period - Shot by Ryan MacInnis.
9:28 of 3rd period - Goal by Ryan MacInnis - Phantoms : 1 - Sound Tigers : 2.
9:29 of 3rd period - Nikita Soshnikov wins face-off versus Manuel Wiederer in neutral zone.
9:29 of 3rd period - Rourke Chartier is hit by Julien Gauthier and loses puck.
9:43 of 3rd period - Rourke Chartier is hit by Joshua Jacobs and loses puck.
10:09 of 3rd period - Minor Penalty to Manuel Wiederer for Hooking.
10:10 of 3rd period - Eric Staal wins face-off versus Julien Gauthier in Phantoms zone.
10:10 of 3rd period - Eric Staal is hit by Ben Harpur.
10:21 of 3rd period - Jesper Fasth is hit by Ben Harpur and loses puck.
11:15 of 3rd period - Shot by Victor Rask.
11:15 of 3rd period - Shot Misses the Net.
11:17 of 3rd period - Shot by Ben Harpur.
11:17 of 3rd period - Shot Misses the Net.
11:19 of 3rd period - Shot by Victor Rask.
11:19 of 3rd period - Shot Misses the Net.
11:54 of 3rd period - Shot by Seth Griffith.
11:54 of 3rd period - Stopped by Brandon Bussi without a rebound.
11:55 of 3rd period - Eric Staal wins face-off versus Julien Gauthier in Sound Tigers zone.
12:32 of 3rd period - Shot by Brett Ritchie.
12:32 of 3rd period - Shot Misses the Net.
13:15 of 3rd period - Icing by Taylor Raddysh.
13:16 of 3rd period - Lucas Wallmark wins face-off versus Eric Staal in Phantoms zone.
13:16 of 3rd period - Patrick Sieloff is hit by Jesper Fasth and loses puck.
13:34 of 3rd period - Shot by Jesper Fasth.
13:34 of 3rd period - Shot Misses the Net.
14:01 of 3rd period - Shot by Tyler Sikura.
14:01 of 3rd period - Stopped by Brandon Bussi without a rebound.
14:02 of 3rd period - Tyler Pitlick wins face-off versus Kerby Rychel in Sound Tigers zone.
14:02 of 3rd period - Tyler Pitlick is hit by Michael McCarron.
14:05 of 3rd period - Icing by Christian Wolanin.
14:06 of 3rd period - Tyler Pitlick wins face-off versus Seth Griffith in Sound Tigers zone.
14:13 of 3rd period - Icing by Tyler Pitlick.
14:14 of 3rd period - Julien Gauthier wins face-off versus Tyler Pitlick in Sound Tigers zone.
14:15 of 3rd period - Shot by Tyler Sikura.
14:15 of 3rd period - Shot Misses the Net.
14:39 of 3rd period - Shot by Seth Griffith.
14:39 of 3rd period - Stopped by Brandon Bussi without a rebound.
14:40 of 3rd period - Eric Staal wins face-off versus Victor Rask in Sound Tigers zone.
14:49 of 3rd period - Shot by Jesper Fasth.
14:49 of 3rd period - Goal by Jesper Fasth - Phantoms : 1 - Sound Tigers : 3.
14:50 of 3rd period - Victor Rask wins face-off versus Ryan MacInnis in neutral zone.
14:50 of 3rd period - Victor Rask is hit by Brett Ritchie.
14:54 of 3rd period - Lukas Sedlak is hit by Michael McCarron and loses puck.
15:09 of 3rd period - Shot by Brett Ritchie.
15:09 of 3rd period - Shot Hit the Post.
15:10 of 3rd period - Minor Penalty to Brett Ritchie for Hooking.
15:11 of 3rd period - Tyler Sikura wins face-off versus Ryan MacInnis in Sound Tigers zone.
16:32 of 3rd period - Shot by Victor Rask.
16:32 of 3rd period - Shot Misses the Net.
17:02 of 3rd period - Shot by Jake Mccabe.
17:02 of 3rd period - Shot Blocked by Ashton Sautner.
17:18 of 3rd period - Shot by Jimmy Vesey.
17:18 of 3rd period - Deflect By Valentin Zykov.
17:18 of 3rd period - Stopped by Kevin Poulin with a rebound.
17:20 of 3rd period - Shot by Jimmy Vesey.
17:20 of 3rd period - Deflect By Valentin Zykov.
17:20 of 3rd period - Stopped by Kevin Poulin without a rebound.
17:21 of 3rd period - Lucas Wallmark wins face-off versus Nikita Soshnikov in Phantoms zone.
18:12 of 3rd period - Shot by Victor Rask.
18:12 of 3rd period - Shot Blocked by Jimmy Schuldt.
18:28 of 3rd period - Shot by Kerby Rychel.
18:28 of 3rd period - Shot Misses the Net.
18:30 of 3rd period - Shot by Ben Harpur.
18:30 of 3rd period - Stopped by Brandon Bussi with a rebound.
18:37 of 3rd period - Ashton Sautner is hit by Ben Harpur and loses puck.
18:51 of 3rd period - Icing by Markus Phillips.
18:52 of 3rd period - Tyler Pitlick wins face-off versus Tyler Sikura in Sound Tigers zone.
18:56 of 3rd period - Markus Phillips is hit by Jake Mccabe.
19:06 of 3rd period - Shot by Tyler Sikura.
19:06 of 3rd period - Deflect By Julien Gauthier.
19:06 of 3rd period - Shot Misses the Net.
19:08 of 3rd period - Shot by Seth Griffith.
19:08 of 3rd period - Shot Misses the Net.
19:10 of 3rd period - Shot by Julien Gauthier.
19:10 of 3rd period - Shot Misses the Net.
19:12 of 3rd period - Shot by Tyler Sikura.
19:12 of 3rd period - Stopped by Brandon Bussi with a rebound.
19:14 of 3rd period - Shot by Jake Mccabe.
19:14 of 3rd period - Shot Blocked by Markus Phillips.
19:24 of 3rd period - Shot by Tyler Sikura.
19:24 of 3rd period - Deflect By Julien Gauthier.
19:24 of 3rd period - Shot Misses the Net.
19:25 of 3rd period - Minor Penalty to Markus Phillips for Hooking.
19:26 of 3rd period - Ryan MacInnis wins face-off versus Victor Rask in Sound Tigers zone.
19:26 of 3rd period - Trevor Van Riemsdyk is hit by Michael McCarron and loses puck.
19:31 of 3rd period - Shot by Brady Keeper.
19:31 of 3rd period - Stopped by Brandon Bussi without a rebound.
19:32 of 3rd period - Ryan MacInnis wins face-off versus Victor Rask in Sound Tigers zone.
19:40 of 3rd period - Shot by Brady Keeper.
19:40 of 3rd period - Stopped by Brandon Bussi with a rebound.
Goals for this period are 0 for Phantoms vs 2 for Sound Tigers.
Shots for this period are 12 for Phantoms vs 10 for Sound Tigers.